 Dungeon Crawl Stone Soup version 0.29-a0-284-gf9362112df (webtiles) character file.

Game seed: 14371554266140402496

165 sammy202020 the Skirmisher (level 5, -1/66 HPs)
             Began as a Palentonga Berserker on Mar 29, 2022.
             Was a Believer of Trog.
             Slain by a gnoll
             ... wielding a +0 flail
              (9 damage)
             ... on level 4 of the Dungeon.
             The game lasted 00:04:04 (3002 turns).

sammy202020 the Skirmisher (Palentonga Berserker)   Turns: 3002, Time: 00:04:05

Health: -1/66      AC:  7    Str: 20    XL:     5   Next: 21%
Magic:  5/5        EV:  9    Int:  9    God:    Trog [**....]
Gold:   121        SH:  0    Dex: 12    Spells: 4/4 levels left

rFire   . . .      SeeInvis +   a - +1 hand axe
rCold   . . .      Faith    .   (no shield)
rNeg    . . .      Spirit   .   d - +0 ring mail
rPois   .          Reflect  .   q - +0 helmet
rElec   .          Harm     .   (no cloak)
rCorr   .          Rampage  .   (no gloves)
Will    .....                   (no barding)
Stlth   ..........              (no amulet)
HPRegen 0.21/turn               (no ring)
MPRegen 0.09/turn               (no ring)

@: berserking, very quick
A: large, rugged brown scales 3, see invisible, deformed body, roll 1, armoured
tail, thin skeletal structure 1, MP-powered wands
a: Rolling Charge, Renounce Religion, Berserk, Trog's Hand


You were on level 4 of the Dungeon.
You worshipped Trog.
Trog was pleased with you.
You visited 1 branch of the dungeon, and saw 4 of its levels.

You collected 121 gold pieces.

Inventory:

Hand Weapons
 a - a +1 hand axe (weapon)
 m - a +0 mace
Missiles
 o - 5 datura-tipped darts
Armour
 b - a +0 animal skin
 d - a +0 ring mail (worn)
 q - a +0 helmet (worn)
Wands
 n - a wand of paralysis (2)
Scrolls
 c - 2 scrolls of enchant weapon
 e - 3 scrolls of vulnerability
 g - a scroll of holy word {unknown}
 j - a scroll of fear {unknown}
 p - 2 scrolls of identify
Potions
 f - a potion of brilliance {unknown}
 h - a potion of mutation
 i - a potion of ambrosia {unknown}
 k - a potion of cancellation {unknown}
 l - 3 potions of attraction {unknown}
 r - a potion of might {unknown}
 s - 2 potions of heal wounds {unknown}


   Skills:
 * Level 4.0 Fighting
 * Level 4.0 Axes
 * Level 2.7 Armour
 + Level 2.1 Dodging


You had 4 spell levels left.
You didn't know any spells.
Your spell library was empty.

Dungeon Overview and Level Annotations

Branches:
Dungeon (4/15)
 Temple: D:4-7

Altars:
Ashenzari
Cheibriados
Makhleb
The Shining One

Shops:
D:4 =


Innate Abilities, Weirdness & Mutations

You are completely covered in rugged brown scales. (AC +3, +7% HP)
You have supernaturally acute eyesight. (SInv)
Armour fits poorly on your strangely shaped body.
You can roll at nearby foes to attack.
You have a long armoured tail.
You have a somewhat thin skeletal structure. (Dex +2, Stealth+)
You expend magic power (3 MP) to strengthen your wands.


Message History

A gnoll comes into view. It is wielding a +0 club.
The gnoll shouts!
A gnoll comes into view. It is wielding a +0 spear.
The gnoll shouts!
The gnoll shaman invokes the aid of its god against you.
You resist with some effort. The gnoll hits you with a +0 flail.
You slash the gnoll shaman!
Your tail-slap misses the gnoll shaman.
The gnoll shaman is moderately wounded.
You hit the gnoll. The gnoll barely misses you.
The gnoll shaman hits you with a +0 club!
You closely miss the gnoll shaman.
The gnoll shaman is moderately wounded.
You hit the gnoll. x2
A quokka comes into view.
The gnoll hits you with a +0 club.
The gnoll shaman hits you with a +0 club!
You hit the gnoll shaman but do no damage.
The gnoll shaman is moderately wounded.
You hit the gnoll. You barely miss the gnoll. You hit the gnoll.
The gnoll hits you with a +0 flail. The gnoll hits you with a +0 club.
The gnoll closely misses you.
The gnoll hits you from afar with a +0 spear.
* * * LOW HITPOINT WARNING * * *
The gnoll shaman hits you but does no damage.
A red film seems to cover your vision as you go berserk!
You feel yourself moving faster!
You feel mighty! The gnoll closely misses you.
The gnoll hits you with a +0 club.
* * * LOW HITPOINT WARNING * * *
The gnoll hits you with a +0 flail!
* * * LOW HITPOINT WARNING * * *
The gnoll hits you from afar with a +0 spear.
* * * LOW HITPOINT WARNING * * *
The gnoll shaman hits you but does no damage.
You barely miss the gnoll. You tail-slap the gnoll.
The gnoll is severely wounded.
You slash the gnoll! You barely miss the gnoll. You hit the gnoll shaman.
The gnoll closely misses you. The gnoll barely misses you.
The gnoll hits you with a +0 flail!
You die...

#.##.# ..#.# #.#.# ...#
#..# ..####.g####.#
......ggg....# ...#r.g@#
#....##.# ##.#.....###
#.#..
...........#######.....
.........#............
....>........#######.#
..........##....# ##.##
................###≈≈≈###
.................>≈≈≈≈≈..


You could see a gnoll shaman, 4 gnolls and a quokka.

Vanquished Creatures
  A scorpion (D:3)
  Ijyb (D:3)
  3 adders
  A dart slug (D:1)
  4 orcs (D:3)
  3 endoplasms
  3 giant cockroaches (D:2)
  4 goblins
  2 hobgoblins (D:2)
  4 jackals (D:1)
  4 quokkas
  3 ball pythons
  3 bats (D:2)
  A frilled lizard (D:2)
  5 kobolds
  6 rats
48 creatures vanquished.

Notes
Turn   | Place    | Note
-------+----------+-------------------------------------------
     0 | D:1      | sammy202020 the Palentonga Berserker began the quest for
                  | the Orb.
     0 | D:1      | Reached XP level 1. HP: 19/19 MP: 1/1
   295 | D:1      | Reached XP level 2. HP: 19/25 MP: 2/2
  1075 | D:2      | Found a faded altar of an unknown god.
  1080 | D:2      | Reached XP level 3. HP: 24/31 MP: 3/3
  1667 | D:2      | Reached ** piety under Trog
  2084 | D:2      | Gained mutation: You expend magic power (3 MP) to
                  | strengthen your wands. [potion of mutation]
  2084 | D:2      | Gained mutation: You have a somewhat thin skeletal
                  | structure. (Dex +2, Stealth+) [potion of mutation]
  2087 | D:3      | Found a snail-covered altar of Cheibriados.
  2093 | D:3      | Noticed Ijyb
  2101 | D:3      | Paralysed by Ijyb for 2 turns
  2106 | D:3      | Killed Ijyb
  2107 | D:3      | Reached XP level 4. HP: 15/39 MP: 4/4
  2348 | D:3      | Found a burning altar of Makhleb.
  2348 | D:3      | Found a broken altar of Ashenzari.
  2349 | D:3      | Found a glowing golden altar of the Shining One.
  2396 | D:3      | Noticed a scorpion
  2418 | D:3      | Killed a scorpion
  2419 | D:3      | Reached XP level 5. HP: 19/44 MP: 5/5
  2956 | D:4      | Found Gixux's Jewellery Boutique.
  3002 | D:4      | Slain by a gnoll

Illustrated notes

Levels and vault maps discovered:
D:1:      dpeg_arrival_rooms_with_view, layout_rooms
D:2:      layout_basic, nicolae_ecumenical_lake_church
D:3:      layout_rooms, chequers_temple_overflow_statue_of_worship,
          cheibriados_altar_1, minmay_misc_feat_four_crosses,
          lightli_corner_chamber, uniq_ijyb
D:4:      black_bear_nest_1, layout_rooms, mainiacjoe_overflow_24_doors,
          serial_shops, kennysheep_little_box, nicolae_shop_waterfront, shop,
          nicolae_square_shop, abandoned_shop, uniq_robin

Skill      XL: |  1  2  3  4 |
---------------+-------------+-----
Armour         | 2 |  2.7
Dodging        | 2 |  2.1
Fighting       | 4 |  4.0
Axes           | 4 |  4.0

Action                   |  1- 3 |  4- 6 || total
-------------------------+-------+-------++-------
Melee: Hand axe          |    99 |    29 ||   128
       Tailslap          |    12 |     1 ||    13
Invok: Berserk           |     1 |     2 ||     3
       Trog's Hand       |     1 |       ||     1
 Abil: Rolling Charge    |     9 |     3 ||    12
  Use: Scroll            |     3 |       ||     3
       Potion            |     1 |       ||     1
Armor: Ring mail         |    41 |    10 ||    51
       Animal skin       |     1 |       ||     1
Dodge: Dodged            |    53 |    17 ||    70

Table legend: (Time is in decaauts)
 A = Elapsed time spent in this place.
 B = Non-inter-level travel time spent in this place.
 C = Inter-level travel time spent in this place.
 D = Time resting spent in this place.
 E = Time spent auto-exploring this place.
 F = Levels seen in this place.
 G = Mean time per level.
                   A        B        C        D        E       F      G
               +--------+--------+--------+--------+--------+-----+--------+
         Total |   3043 |   2931 |    112 |      1 |   2564 |   4 |  760.8 |
       Dungeon |   3043 |   2931 |    112 |      1 |   2564 |   4 |  760.8 |
               +--------+--------+--------+--------+--------+-----+--------+

Top non-repeatable levels by time:
     D:2: 1103 daAuts
     D:1: 1000 daAuts
     D:3: 894 daAuts
     D:4: 46 daAuts
